 Dungeon Crawl Stone Soup version 0.23-a0-391-g8c51ad5 (webtiles) character file.

378123 galech the Peltast (level 22, -9/159 HPs)
             Began as a Demonspawn Fighter on Oct 29, 2018.
             Was the Champion of Okawaru.
             Mangled by a spriggan defender
             ... wielding a +2 lajatang of electrocution
             ... led by a spriggan defender
              (20 damage)
             ... while paralysed by a floating eye
             ... on level 5 of the Depths on Oct 30, 2018.
             The game lasted 02:06:35 (42244 turns).

galech the Peltast (Demonspawn Fighter)            Turns: 42244, Time: 02:06:36

Health: -9/159     AC: 41    Str: 36    XL:     22   Next: 13%
Magic:  26/26      EV:  2    Int:  7    God:    Okawaru [******]
Gold:   3109       SH:  0    Dex: 38    Spells: 21/21 levels left

rFire    + . .     SeeInvis .   z - +10 rapier "Trog's Vengeance" {pain, *Contam *Noise Dex+8}
rCold    + + .     Gourm    .   E - +2 large shield
rNeg     + + +     Faith    .   K - +12 gold dragon scales
rPois    +         Spirit   .   a - +1 helmet of Fashionability {rN++}
rElec    .         Reflect  .   b - +1 cloak "Doagudi" {Str+3 Dex+5}
rCorr    .         Harm     .   D - +0 pair of gloves {Dex+3}
MR       +....                  (boots unavailable)
Stlth    ..........             x - amulet of Koigiczu {Fragile Regen+ Str+8 Stlth+}
HPRegen  0.76/turn              J - +3 ring of slaying
MPRegen  0.20/turn              F - ring of Greater Demons {Str+8 Int-5}

@: paralysed, heroism, repel missiles
A: claws 1, hooves 3, repulsion field 3, agile 1, cold resistance 1, demonic
guardian 3, frail 1, negative energy resistance 1, screaming 1, 50% torment
resistance, freezing cloud immunity
}: 1/15 runes: abyssal
a: Heroism, Finesse, Renounce Religion


You were on level 5 of the Depths.
You worshipped Okawaru.
Okawaru was exalted by your worship.
You were hungry.

You visited 5 branches of the dungeon, and saw 31 of its levels.
You visited the Abyss 4 times.
You visited 1 bazaar.
You also visited: Labyrinth, Bailey, Volcano, Wizlab and Desolation.

You collected 4740 gold pieces.
You spent 1631 gold pieces at shops.

Inventory:

Hand Weapons
 z - the +10 rapier "Trog's Vengeance" (weapon) {pain, *Contam *Noise Dex+8}
   (You found it on level 5 of the Dungeon)

   In the hands of one skilled in necromantic magic, it inflicts extra damage on
   living creatures.
   It affects your dexterity (+8).
   It may make noises in combat.
   It causes magical contamination when unequipped.
 U - a +1 demon blade of freezing
Armour
 a - the +1 helmet of Fashionability (worn) {rN++}
   (Okawaru gifted it to you on level 11 of the Dungeon)

   It greatly protects you from negative energy.
 b - the +1 cloak "Doagudi" (worn) {Str+3 Dex+5}
   (You found it in a wizard's laboratory)

   It affects your strength (+3).
   It affects your dexterity (+5).
 m - the +2 cloak "Seaq" {rCorr Int+3}
   (Okawaru gifted it to you on level 2 of the Elven Halls)

   It affects your intelligence (+3).
   It provides partial protection from all sources of acid and corrosion.
 D - a +0 pair of gloves of dexterity (worn)
 E - a +2 large shield (worn)
 I - the +12 crystal plate armour of Submission {Dex+2}
   (Okawaru gifted it to you in the Desolation of Salt)

   It affects your dexterity (+2).
 K - +12 gold dragon scales (worn)
Jewellery
 g - an uncursed ring of protection from fire
 n - the amulet of the Marlin {Acrobat rC+ Slay+3}
   (You found it in the Desolation of Salt)

   [amulet of the acrobat]

   It helps you evade while moving and waiting.
   It affects your accuracy and damage with ranged weapons and melee attacks
   (+3).
   It protects you from cold.
 x - the amulet of Koigiczu (around neck) {Fragile Regen+ Str+8 Stlth+}
   (You took it off a necromancer on level 14 of the Dungeon)

   [amulet of regeneration]

   It affects your strength (+8).
   It increases your rate of regeneration.
   It will be destroyed if unequipped.
   It makes you more stealthy.
 y - the ring of Divine Intervention {*Tele rC+ Slay+6}
   (You took it off a deep elf sorcerer on level 3 of the Elven Halls)

   [ring of teleportation]

   It may teleport you next to monsters.
   It affects your accuracy and damage with ranged weapons and melee attacks
   (+6).
   It protects you from cold.
 F - the ring of Greater Demons (right hand) {Str+8 Int-5}
   (You found it on level 6 of the Lair of Beasts)

   [ring of intelligence]

   It affects your strength (+8).
   It affects your intelligence (-5).
 G - the ring of Hupnausa {Ice rN++ MR++ Str-4}
   (You found it in the Desolation of Salt)

   [ring of ice]

   It enhances your ice magic.
   It affects your strength (-4).
   It makes you vulnerable to fire.
   It protects you from cold.
   It greatly protects you from negative energy.
   It affects your resistance to hostile enchantments.
 J - a +3 ring of slaying (left hand)
 L - the ring of Viposs {rF+ SInv}
   (You found it in a labyrinth)

   [ring of see invisible]

   It protects you from fire.
   It lets you see invisible.
 O - an uncursed ring of wizardry
 R - the amulet "Yffom" {Reflect rElec rPois rC- Dex+3 SH+5}
   (You found it in the Desolation of Salt)

   [amulet of reflection]

   It shields you and reflects attacks.
   It affects your dexterity (+3).
   It makes you vulnerable to cold.
   It insulates you from electricity.
   It protects you from poison.
   It affects your SH (+5).
 V - an uncursed ring of protection from cold
 X - the ring "Xoss" {rPois Dex+2}
   (You found it on level 1 of the Depths)

   [ring of poison resistance]

   It affects your dexterity (+2).
   It protects you from poison.
 Y - the ring "Dyoq" {+Inv rF+ MR+ Dex-2}
   (You took it off a spriggan on level 5 of the Depths)

   [ring of protection from magic]

   It affects your dexterity (-2).
   It protects you from fire.
   It affects your resistance to hostile enchantments.
   It lets you turn invisible.
Wands
 H - a wand of digging (14)
 T - a wand of polymorph (8)
 W - a wand of clouds (3)
Scrolls
 h - 4 scrolls of magic mapping
 i - 10 scrolls of fog
 j - 7 scrolls of blinking
 k - 29 scrolls of teleportation
 l - 13 scrolls of remove curse
 o - 5 scrolls of enchant weapon
 t - 7 scrolls of fear
 B - 3 scrolls of amnesia
 N - 4 scrolls of acquirement
 P - a scroll of brand weapon
 Q - 2 scrolls of enchant armour
 S - 6 scrolls of identify
Potions
 c - 2 potions of agility
 d - 3 potions of might
 e - 19 potions of curing
 p - a potion of ambrosia
 q - a potion of magic
 r - 6 potions of invisibility
 s - 3 potions of haste
 u - 6 potions of brilliance
 v - 7 potions of berserk rage
 w - 3 potions of resistance
 C - 8 potions of flight
 M - 10 potions of heal wounds
 Z - a potion of cancellation
Comestibles
 f - 65 rations
 A - 7 chunks of flesh


   Skills:
 - Level 15.7(20.7) Fighting
 - Level 17.1(22.1) Short Blades
   Level 5.3(10.3) Axes
 - Level 13.6(18.6) Armour
 * Level 15.3(20.3) Dodging
 - Level 7.4(12.4) Stealth
 - Level 19.9(24.9) Shields
 - Level 6.5 Invocations
 - Level 0.1 Evocations


You had 21 spell levels left.
You didn't know any spells.
Your spell library contained the following spells:

 Spells                   Type           Power        Failure   Level  Hunger
 Animate Skeleton         Necr           N/A          98%         1    ##.....
 Apportation              Tloc           #.....       98%         1    ##.....
 Flame Tongue             Conj/Fire      #....        98%         1    ##.....
 Infusion                 Chrm           #...         98%         1    ##.....
 Magic Dart               Conj           #...         98%         1    ##.....
 Pain                     Necr           #...         98%         1    ##.....
 Sandblast                Erth           #.....       98%         1    ##.....
 Shock                    Conj/Air       #...         98%         1    ##.....
 Sting                    Conj/Pois      #...         98%         1    ##.....
 Summon Butterflies       Summ           #.......     98%         1    ##.....
 Blink                    Tloc           N/A          99%         2    ###....
 Call Imp                 Summ           #.......     99%         2    ###....
 Corpse Rot               Necr           N/A          99%         2    ###....
 Passwall                 Tmut/Erth      #.......     99%         2    ###....
 Poisonous Vapours        Pois/Air       #.....       99%         2    ###....
 Searing Ray              Conj           #.....       99%         2    ###....
 Shroud of Golubria       Chrm/Tloc      #.........   99%         2    ###....
 Slow                     Hex            #.......     99%         2    ###....
 Song of Slaying          Chrm           #.......     99%         2    ###....
 Sublimation of Blood     Necr           #.........   99%         2    ###....
 Swiftness                Chrm/Air       #.......     99%         2    ###....
 Throw Flame              Conj/Fire      #.....       99%         2    ###....
 Throw Frost              Conj/Ice       #.....       99%         2    ###....
 Call Canine Familiar     Summ           #.......     100%        3    ####...
 Conjure Flame            Conj/Fire      #.......     100%        3    ####...
 Dazzling Spray           Conj/Hex       #.....       100%        3    ####...
 Gell's Gravitas          Tloc           #.........   100%        3    ####...
 Inner Flame              Hex/Fire       #.......     100%        3    ####...
 Lesser Beckoning         Tloc           #.........   100%        3    ####...
 Mephitic Cloud           Conj/Pois/Air  #.......     100%        3    ####...
 Portal Projectile        Hex/Tloc       #.....       100%        3    ####...
 Recall                   Summ/Tloc      N/A          100%        3    ####...
 Regeneration             Chrm/Necr      #.........   100%        3    ####...
 Spectral Weapon          Hex/Chrm       #.......     100%        3    ####...
 Static Discharge         Conj/Air       #.......     100%        3    ####...
 Stone Arrow              Conj/Erth      #.....       100%        3    ####...
 Teleport Other           Tloc           #.......     100%        3    ####...
 Vampiric Draining        Necr           #.........   100%        3    ####...
 Airstrike                Air            #.........   100%        4    #####..
 Animate Dead             Necr           N/A          100%        4    #####..
 Cause Fear               Hex            #.........   100%        4    #####..
 Force Lance              Conj/Tloc      #.......     100%        4    #####..
 Fulminant Prism          Conj/Hex       #.........   100%        4    #####..
 Iskenderun's Mystic Bla  Conj           #.......     100%        4    #####..
 Leda's Liquefaction      Hex/Erth       #.........   100%        4    #####..
 Passage of Golubria      Tloc           N/A          100%        4    #####..
 Petrify                  Tmut/Erth      #.......     100%        4    #####..
 Sticky Flame             Conj/Fire      #.......     100%        4    #####..
 Summon Ice Beast         Ice/Summ       #.......     100%        4    #####..
 Summon Lightning Spire   Summ/Air       #.......     100%        4    #####..
 Aura of Abjuration       Summ           #.........   100%        5    ######.
 Bolt of Draining         Conj/Necr      #.........   100%        5    ######.
 Borgnjor's Vile Clutch   Necr/Erth      #.........   100%        5    ######.
 Dispel Undead            Necr           #.......     100%        5    ######.
 Excruciating Wounds      Chrm/Necr      #.........   100%        5    ######.
 Fireball                 Conj/Fire      #.........   100%        5    ######.
 Irradiate                Conj/Tmut      #.........   100%        5    ######.
 Iskenderun's Battlesphe  Conj/Chrm      #.......     100%        5    ######.
 Lee's Rapid Deconstruct  Erth           #.........   100%        5    ######.
 Lightning Bolt           Conj/Air       #.........   100%        5    ######.
 Metabolic Englaciation   Hex/Ice        #.........   100%        5    ######.
 Silence                  Hex/Air        #.........   100%        5    ######.
 Summon Demon             Summ           #.........   100%        5    ######.
 Summon Forest            Summ/Tloc      #.........   100%        5    ######.
 Summon Mana Viper        Hex/Summ       #.......     100%        5    ######.
 Venom Bolt               Conj/Pois      #.........   100%        5    ######.
 Conjure Ball Lightning   Conj/Air       #.........   100%        6    #######
 Darkness                 Hex            #.........   100%        6    #######
 Death Channel            Necr           #.........   100%        6    #######
 Deflect Missiles         Chrm/Air       #.........   100%        6    #######
 Dispersal                Tloc           #.........   100%        6    #######
 Freezing Cloud           Conj/Ice/Air   #.........   100%        6    #######
 Hydra Form               Tmut           #.........   100%        6    #######
 Shadow Creatures         Summ           N/A          100%        6    #######
 Simulacrum               Ice/Necr       #.........   100%        6    #######
 Statue Form              Tmut/Erth      #........    100%        6    #######
 Dragon Form              Tmut           #.........   100%        7    #######
 Malign Gateway           Summ/Tloc      #.........   100%        7    #######
 Ring of Flames           Chrm/Fire      #.........   100%        7    #######
 Summon Hydra             Summ           #.........   100%        7    #######
 Controlled Blink         Tloc           N/A          100%        8    #######
 Disjunction              Tloc           #.........   100%        8    #######
 Tornado                  Air            #.........   100%        9    #######


Dungeon Overview and Level Annotations

Branches:
Dungeon (15/15)            Temple (0/1) D:6            Lair (6/6) D:11
 Shoals (0/4) Lair:2        Snake (0/4) Lair:4        Slime (0/5) Lair:6
    Orc (2/2) D:10            Elf (3/3) Orc:2        Vaults (0/5) D:14
 Depths (5/5) D:15
    Zot: Depths:5

Altars:
Kikubaaqudgha
Okawaru
Qazlal
Trog
Xom
Beogh
Jiyva

Shops:
D:4 [=   D:7 :   D:12 *   D:13 *   Orc:2 }(:%!   Elf:3 (   Depths:4 =}=
Depths:5 }

Portals:
Hell: Depths:1 Depths:2 Depths:3 Depths:4
Abyss: Depths:4
Pandemonium: Orc:2 Depths:1 Depths:2 Depths:3
Ziggurat: Depths:1
Bazaar: Depths:3


Innate Abilities, Weirdness & Mutations

You have hooves in place of feet.
You are surrounded by a strong repulsion field. (EV +4, RMsl)
Your flesh is cold resistant. (rC+)
A powerful demonic guardian rushes to your aid.
You resist negative energy. (rN+)
You are somewhat able to resist unholy torments (1 in 2 success).
You are immune to freezing clouds.
You have sharp fingernails.
You are agile. (Dex +2)
You are frail. (-10% HP)
You occasionally shout uncontrollably at your foes.


Message History

You easily resist.
Really walk into that teleport trap?
You enter a teleport trap!
The teleport trap disappears.
Your surroundings seem slightly different.
A chorus of shrieks assaults your mind.
* * * LOW HITPOINT WARNING * * *
Found a wand of enslavement (6).
You block the spriggan defender's attack.
The spriggan defender hits you but does no damage.
Space bends around you.
* * * LOW HITPOINT WARNING * * *
A chorus of shrieks assaults your mind.
* * * LOW HITPOINT WARNING * * *
The floating eye gazes piercingly through you!
You suddenly lose the ability to move!
The spriggan defender hits you but does no damage.
Space bends around you.
* * * LOW HITPOINT WARNING * * *
The spriggan defender hits you with a +2 lajatang of electrocution!!
You die...

..........(.......#..#
..................'.#
.......)..#...^....#
..........XX.......###
#.......X..#p..#.....##
........X......(#.....###
........GTG....(........#
.........ii......(..≈≈≈.##
......#'#@#..[....#.≈≈≈..#
.....##...##.......#.≈≈...
.#'###.....###+#....#.....
#.....# ##....#....
##/..## +......... #####
#.......#. ##+#......#
#...[)).... ##..))).....


You could see 4 starcursed masses, a vault guard, 2 spriggan defenders, a great
orb of eyes, a deep troll shaman and a floating eye.

Vanquished Creatures
  An ancient lich (Depths:3)
  A juggernaut (Depths:5)
  Sojobo (Depths:4)
  Boris (Depths:3)
  Saint Roka (Depths:3)
  3 caustic shrikes
  A golden dragon (Depths:4)
  the Enchantress (Depths:5)
  A tentacled monstrosity (Depths:5)
  3 liches
  3 deep elf blademasters
  A titan (Depths:2)
  2 deep elf master archers (Elf:3)
  2 sphinxes
  6 tentacled starspawn
  5 tengu reavers
  A storm dragon (D:14)
  4 fire giants
  5 frost giants
  3 deep elf sorcerers
  A balrug (Abyss:2)
  5 spriggan defenders
  An imperial myrmidon (Desolation)
  A stone giant (shapeshifter) (Depths:2)
  An angel (WizLab)
  The ghost of Tenar the Severer, a journeyman BaFi of Cheibriados (D:14)
  9 very ugly things
  4 deep elf demonologists (Elf:3)
  14 stone giants
  3 vampire knights
  An entropy weaver (Lair:5)
  3 starcursed masses
  4 spark wasps (Depths:1)
  3 halazid warlocks (Desolation)
  4 deep elf annihilators
  A minotaur (Lab)
  A merfolk javelineer (Depths:3)
  3 deep elf death magi
  3 ettins
  2 blizzard demons
  8 deep elf high priests
  3 yaktaur captains
  A green death (Depths:3)
  5 crystal guardians
  2 great orbs of eyes
  2 merfolk impalers
  6 fire dragons
  4 ice dragons
  5 ragged hierophants (Desolation)
  4 rakshasas
  8 peacekeepers (Desolation)
  A vault guard (D:15)
  5 servants of whispers (Desolation)
  5 hydras
  A catoblepas (Lair:6)
  A merfolk aquamancer (Depths:5)
  25 two-headed ogres
  7 spriggan air magi
  Erica (Lair:1)
  A queen ant (Lair:5)
  8 centaur warriors
  24 dancing weapons
  5 deep troll earth magi
  An anaconda (shapeshifter) (Depths:2)
  4 ogre magi
  4 orc high priests
  6 spriggan berserkers
  4 tengu warriors
  3 deep troll shamans
  A vampire mage (Depths:2)
  A soul eater (Depths:3)
  7 thrashing horrors
  5 hell knights (Depths:3)
  4 sun demons
  6 spriggans
  16 deep elf knights
  4 iron trolls
  A fire crab (Volcano)
  2 skeletal warriors
  9 deep trolls
  2 gelid demonspawn
  9 wizards (Depths:3)
  A swamp dragon (Lair:6)
  A quicksilver dragon simulacrum (Abyss:3)
  2 glowing orange brains
  2 infernal demonspawn
  2 flayed ghosts
  A shadow demon (WizLab)
  4 unseen horrors
  2 obsidian statues
  5 deep elf archers (Elf:3)
  An ironbrand convoker (Desolation)
  An orange crystal statue (Depths:1)
  2 phantasmal warriors (Depths:2)
  9 orc knights
  A torturous demonspawn (Orc:2)
  5 necromancers
  An anaconda skeleton (WizLab)
  A wolf spider (D:15)
  An orb spider (Abyss:5)
  22 ugly things
  A salamander (Depths:1)
  53 deep elf magi
  Maurice (D:13)
  5 orc sorcerers
  A manticore (D:13)
  5 worldbinders
  4 cyclopes
  3 black mambas
  A rust devil (Depths:3)
  An eye of devastation (shapeshifter) (Depths:1)
  2 guardian serpents (Desolation)
  A torpor snail (Lair:3)
  2 molten gargoyles (Desolation)
  2 elephants (Lair:6)
  4 smoke demons
  A spiny frog (shapeshifter) (Elf:1)
  7 spiny frogs
  4 centaur skeletons
  A hellion (Depths:1)
  A demonspawn skeleton (WizLab)
  A rime drake (shapeshifter) (Depths:3)
  3 kobold demonologists (D:13)
  4 rime drakes
  3 ice devils
  An efreet (WizLab)
  An anaconda simulacrum (Abyss:2)
  10 komodo dragons
  3 ancient zymes
  A freezing wraith (D:8)
  A hellwing (Abyss:2)
  13 yaktaurs
  6 small abominations
  A demonic crawler (WizLab)
  A red draconian skeleton (WizLab)
  3 red devils
  4 tengu conjurers
  A queen bee (shapeshifter) (Elf:2)
  2 trolls
  2 polar bears (Lair:6)
  Prince Ribbit (D:9)
  13 raiju
  A meliai (shapeshifter) (D:15)
  50 saltlings (Desolation)
  4 hornets
  13 blink frogs
  7 hippogriffs
  A meliai zombie (D:12)
  11 slime creatures
  3 dream sheep (Lair:4)
  2 centaur simulacra
  A shadow (D:14)
  2 ynoxinuls
  An air elemental (WizLab)
  2 vampires (D:14)
  5 large abominations
  3 wraiths
  A tarantella (shapeshifter) (Elf:1)
  4 wyverns
  A wyvern (shapeshifter) (Elf:2)
  35 yaks
  11 water elementals
  A redback (shapeshifter) (Depths:4)
  4 basilisks
  9 fire bats
  2 neqoxecs
  2 fire elementals
  A chaos spawn (Abyss:3)
  6 steam dragons
  2 hungry ghosts
  8 vampire mosquitoes
  10 wargs
  17 soldier ants
  5 water moccasins
  2 hell hounds
  5 spatial vortices
  2 insubstantial wisps (WizLab)
  An acid dragon (D:11)
  2 floating eyes
  11 porcupines
  An eye of draining (D:13)
  A meliai simulacrum (D:14)
  A swamp drake (Lair:6)
  A black bear (Lair:5)
  A sky beast (D:5)
  42 orc warriors
  An ice beast (D:11)
  17 ogres
  A spriggan simulacrum (Depths:3)
  11 wolves
  6 boggarts
  2 phantoms
  22 centaurs
  13 crocodiles
  A big kobold (D:9)
  4 elf zombies (Elf:1)
  A gnoll sergeant (D:7)
  3 earth elementals
  13 bullfrogs
  2 wyvern skeletons (D:9)
  3 scorpions
  30 killer bees
  6 electric eels
  2 vampire bats (Orc:1)
  22 wights
  6 howler monkeys
  7 crimson imps
  9 jellies
  4 centaur zombies
  A quasit (WizLab)
  37 orc priests
  A bullfrog zombie (D:5)
  6 hounds
  A bullfrog skeleton (D:4)
  6 iguanas
  23 orc wizards
  5 lightning spires (Abyss:3)
  27 worker ants
  A hound zombie (D:2)
  A howler monkey skeleton (D:6)
  A worker ant zombie (D:8)
  6 gnolls
  11 adders
  5 shadow imps
  An ufetubus (Depths:2)
  2 oozes (Lair:6)
  An adder zombie (D:6)
  2 worms (D:2)
  12 leopard geckos
  130 orcs
  A ball python (D:2)
  A giant cockroach (shapeshifter) (Depths:5)
  7 giant cockroaches
  7 goblins
  10 hobgoblins
  12 jackals
  13 kobolds
  6 quokkas
  14 bats
  7 frilled lizards
  2 jackal skeletons
  A quokka zombie (D:5)
  6 rats
  A bush (Abyss:3)
  A crawling corpse (Depths:5)
  A lurking horror (Abyss:5)
  3 starspawn tentacles
1425 creatures vanquished.

Vanquished Creatures (collateral kills)
  An ancient lich (Depths:3)
  A tentacled monstrosity (Depths:2)
  2 liches
  A quicksilver dragon (Depths:5)
  A deep elf master archer (Elf:3)
  A tentacled starspawn (Abyss:3)
  An eldritch tentacle (WizLab)
  A frost giant (Depths:4)
  2 deep elf sorcerers
  A balrug (Abyss:5)
  A deep elf elementalist (Elf:3)
  An entropy weaver (Lair:5)
  A spriggan defender (Depths:5)
  A very ugly thing (Depths:1)
  Nessos (Lair:5)
  2 vampire knights
  A deep elf annihilator (Elf:2)
  A deep elf demonologist (Elf:3)
  An ettin (Depths:2)
  Snorg (Lair:4)
  A blizzard demon (Abyss:3)
  A crystal guardian (Depths:1)
  2 deep elf high priests (Elf:3)
  A vault guard (Depths:5)
  A great orb of eyes (Depths:1)
  2 rakshasas
  A death knight (D:8)
  A centaur warrior (Depths:1)
  3 two-headed ogres
  3 deep troll shamans
  3 ogre magi
  A vampire mage (Depths:1)
  2 dancing weapons (Elf:2)
  A deep troll earth mage (Depths:2)
  A spriggan berserker (Depths:5)
  An orc high priest (Orc:2)
  2 hell knights (Depths:3)
  3 deep elf knights
  A skeletal warrior (D:8)
  A sun demon (Abyss:5)
  3 deep elf archers
  6 deep trolls
  Pikel (D:7)
  4 orc knights
  4 oklob plants (Lair:5)
  2 large abominations
  7 deep elf magi
  2 lindwurms
  8 orc sorcerers (Orc:2)
  2 cyclopes
  2 salamanders (Depths:1)
  14 ugly things
  2 elephants (Lair:6)
  2 black mambas (Lair:6)
  A gargoyle (D:15)
  2 yaktaurs
  A freezing wraith (D:8)
  A small abomination (Elf:3)
  A golden dragon simulacrum (Depths:3)
  3 red devils
  A tengu simulacrum (Depths:3)
  A troll (D:5)
  A hornet (Depths:4)
  3 blink frogs
  2 raiju
  3 dream sheep (Lair:4)
  A hippogriff (D:7)
  A spriggan (Depths:4)
  6 basilisks
  13 yaks
  2 fire bats (Volcano)
  2 steam dragons (D:6)
  2 wargs (D:10)
  8 soldier ants (Lair:5)
  A water moccasin (Lair:5)
  3 porcupines (D:11)
  A swamp drake (Lair:6)
  8 orc warriors
  2 ogres
  A boggart (Depths:2)
  A crocodile (D:11)
  A bullfrog (Lair:2)
  A wyvern skeleton (D:11)
  A wight (D:7)
  A starcursed mass (Depths:5)
  2 orc priests (Orc:2)
  5 orc wizards
  A lightning spire (Abyss:3)
  5 worker ants
  2 adders (D:4)
  A shadow imp (D:11)
  14 orcs
  3 jackals
  A crawling corpse (Depths:5)
  2 pillars of salt (Elf:2)
  A starspawn tentacle (Abyss:3)
227 creatures vanquished.

Vanquished Creatures (others)
  An unseen horror (shapeshifter) (Depths:2)
  A blink frog (Lair:2)
  2 slaves (D:7)
  An ogre (Depths:4)
  2 wights (D:7)
  A gnoll (D:7)
  2 orcs
  2 bushes
  A demonic plant (Abyss:3)
  5 fungi
  7 pillars of salt (Elf:2)
  15 plants
  10 starspawn tentacles
50 creatures vanquished.

Grand Total: 1702 creatures vanquished

Notes
Turn   | Place    | Note
-------+----------+-------------------------------------------
     0 | D:1      | galech the Demonspawn Fighter began the quest for the Orb.
     0 | D:1      | Reached XP level 1. HP: 18/18 MP: 1/1
    81 | D:1      | Gained mutation: A weak demonic guardian rushes to your
                  | aid. [demonic ancestry]
    81 | D:1      | Reached XP level 2. HP: 24/24 MP: 2/2
   193 | D:1      | Reached skill level 3 in Shields
   746 | D:2      | Gained mutation: A demonic guardian rushes to your aid.
                  | [demonic ancestry]
   746 | D:2      | Reached XP level 3. HP: 15/29 MP: 3/3
  1561 | D:2      | Found an iron altar of Okawaru.
  1570 | D:2      | Became a worshipper of Warmaster Okawaru
  1895 | D:3      | Reached XP level 4. HP: 35/35 MP: 4/4
  2872 | D:4      | Gained mutation: Your flesh is cold resistant. (rC+)
                  | [demonic ancestry]
  2872 | D:4      | Reached XP level 5. HP: 41/41 MP: 5/5
  3199 | D:4      | Noticed an ogre
  3206 | D:4      | Killed an ogre
  3206 | D:4      | Reached * piety under Okawaru
  3210 | D:4      | Gained mutation: You have large cloven feet. [demonic
                  | ancestry]
  3210 | D:4      | Reached XP level 6. HP: 31/48 MP: 6/6
  3323 | D:4      | Found Fuapicy's Jewellery Boutique.
  3709 | D:4      | Got a distressingly furry scale mail
  3720 | D:4      | Identified the cursed +0 scale mail of the Kangaroo {rPois
                  | MP+9 Str+3} (You found it on level 4 of the Dungeon)
  3728 | D:4      | Found Syadghiom's Antique Armour Shoppe.
  3733 | D:4      | Bought a pair of glowing gloves for 187 gold pieces
  3779 | D:5      | Entered Level 5 of the Dungeon
  3813 | D:5      | Got a shimmering rapier
  3814 | D:5      | Identified the +10 rapier "Trog's Vengeance" {pain, *Contam
                  | *Noise Dex+8} (You found it on level 5 of the Dungeon)
  3867 | D:5      | Noticed a sky beast
  3873 | D:5      | Killed a sky beast
  3873 | D:5      | Reached skill level 4 in Shields
  3918 | D:5      | Gained mutation: You have hoof-like feet. [demonic
                  | ancestry]
  3918 | D:5      | Reached XP level 7. HP: 54/54 MP: 7/7
  4083 | D:5      | Noticed a two-headed ogre
  4089 | D:5      | Killed a two-headed ogre
  4089 | D:5      | Reached ** piety under Okawaru
  4089 | D:5      | Reached *** piety under Okawaru
  4089 | D:5      | Reached skill level 1 in Short Blades
  4089 | D:5      | Reached skill level 5 in Axes
  4089 | D:5      | Reached skill level 1 in Dodging
  4344 | D:5      | Noticed a troll
  4350 | D:5      | Killed a troll
  4350 | D:5      | Reached skill level 5 in Shields
  4350 | D:5      | Gained mutation: You have hooves in place of feet. [demonic
                  | ancestry]
  4350 | D:5      | Reached XP level 8. HP: 25/61 MP: 8/8
  4660 | D:6      | Found a shimmering altar of Xom.
  4684 | D:6      | Found a shimmering altar of Xom.
  4684 | D:6      | Found a shimmering altar of Xom.
  4685 | D:6      | Found a shimmering altar of Xom.
  4709 | D:6      | Reached skill level 5 in Armour
  4868 | D:6      | Found a shimmering altar of Xom.
  4868 | D:6      | Found a shimmering altar of Xom.
  4868 | D:6      | Found a shimmering altar of Xom.
  4868 | D:6      | Found a shimmering altar of Xom.
  4869 | D:6      | Found a shimmering altar of Xom.
  4870 | D:6      | Found a shimmering altar of Xom.
  4886 | D:6      | Found a staircase to the Ecumenical Temple.
  5590 | D:7      | Reached **** piety under Okawaru
  5620 | D:7      | Noticed Pikel
  5628 | D:7      | Killed Pikel
  5628 | D:7      | Reached skill level 1 in Stealth
  5628 | D:7      | Reached XP level 9. HP: 53/67 MP: 9/9
  5635 | D:7      | Reached skill level 5 in Fighting
  5654 | D:7      | Reached skill level 5 in Short Blades
  5657 | D:7      | Reached ***** piety under Okawaru
  5764 | D:7      | Found Sausiy's Book Shoppe.
  6062 | D:7      | Found a stormy altar of Qazlal.
  6198 | D:8      | Noticed a death knight
  6198 | D:8      | Noticed a skeletal warrior
  6198 | D:8      | Noticed a freezing wraith
  6220 | D:8      | Killed a freezing wraith
  6224 | D:8      | Noticed a skeletal warrior
  6226 | D:8      | Noticed a freezing wraith
  6227 | D:8      | Killed a skeletal warrior
  6227 | D:8      | Received a gift from Okawaru
  6227 | D:8      | Killed a death knight
  6229 | D:8      | Reached skill level 6 in Shields
  6481 | D:8      | Killed a freezing wraith
  6481 | D:8      | Reached XP level 10. HP: 76/76 MP: 10/10
  6498 | D:8      | Killed a skeletal warrior
  6614 | D:8      | Received a gift from Okawaru
  7138 | D:8      | Noticed a two-headed ogre
  7144 | D:8      | Killed a two-headed ogre
  7144 | D:8      | Reached skill level 1 in Invocations
  7671 | D:9      | Noticed Prince Ribbit
  7706 | D:9      | Killed Prince Ribbit
  7806 | D:9      | Reached skill level 7 in Shields
  8024 | D:9      | Found a bloodstained altar of Trog.
  8169 | D:10     | Entered Level 10 of the Dungeon
  8193 | D:10     | Found a staircase to the Orcish Mines.
  8201 | D:10     | Received a gift from Okawaru
  8201 | D:10     | Gained mutation: A powerful demonic guardian rushes to your
                  | aid. [demonic ancestry]
  8201 | D:10     | Reached XP level 11. HP: 65/83 MP: 11/11
  8233 | D:10     | Gained mutation: Your magical capacity is low. (-10% MP)
                  | [mutagenic glow]
  8425 | D:10     | Reached ****** piety under Okawaru
  8938 | Orc:1    | Entered Level 1 of the Orcish Mines
  8993 | Orc:1    | Found a transporter.
  8997 | Orc:1    | Noticed a lindwurm
  8998 | Orc:1    | Found a dark tunnel.
  9004 | Volcano  | Entered a volcano
  9222 | Volcano  | Noticed a fire crab
  9233 | Volcano  | Killed a fire crab
  9233 | Volcano  | Reached skill level 10 in Short Blades
  9527 | Volcano  | Noticed a lindwurm
  9532 | Volcano  | Killed a lindwurm
  9603 | Orc:1    | Killed a lindwurm
  9603 | Orc:1    | Received a gift from Okawaru
  9606 | Orc:1    | Got a shimmering dagger {god gift}
  9650 | Orc:1    | Noticed a stone giant
  9663 | Orc:1    | Noticed an orc high priest
  9664 | Orc:1    | Noticed a two-headed ogre
  9665 | Orc:1    | Noticed an orc knight
  9666 | Orc:1    | Noticed a two-headed ogre
  9667 | Orc:1    | Found a roughly hewn altar of Beogh.
  9667 | Orc:1    | Found a transporter.
  9668 | Orc:1    | Noticed an orc knight
  9669 | Orc:1    | Noticed an orc knight
  9724 | Orc:1    | Noticed an orc knight
  9735 | Orc:1    | Killed an orc knight
 10125 | Orc:1    | Reached skill level 8 in Shields
 10321 | Orc:2    | Entered Level 2 of the Orcish Mines
 10323 | Orc:2    | Noticed an orc sorcerer
 10325 | Orc:2    | Noticed an orc high priest
 10326 | Orc:2    | Noticed a soul eater
 10332 | Orc:2    | Killed an orc sorcerer
 10336 | Orc:2    | Noticed an orc sorcerer
 10585 | Orc:1    | Killed an orc high priest
 10598 | Orc:2    | Killed an orc sorcerer
 10599 | Orc:2    | Gained mutation: You are immune to freezing clouds.
                  | [demonic ancestry]
 10599 | Orc:2    | Reached XP level 12. HP: 91/91 MP: 11/11
 10604 | Orc:2    | Found Zyfat's Gadget Shop.
 11050 | Orc:2    | Found a staircase to the Elven Halls.
 11060 | Orc:2    | Paralysed by an orc sorcerer for 7 turns
 11757 | Orc:2    | Found Foichuh's Food Shoppe.
 11807 | Orc:2    | Found Xoac's Distillery.
 11873 | Orc:2    | Received a gift from Okawaru
 11993 | Orc:2    | Bought a potion of heal wounds for 70 gold pieces
 11993 | Orc:2    | Bought a potion of curing for 42 gold pieces
 11993 | Orc:2    | Bought 2 potions of curing for 84 gold pieces
 11993 | Orc:2    | Bought a potion of berserk rage for 70 gold pieces
 11993 | Orc:2    | Bought a potion of heal wounds for 70 gold pieces
 11993 | Orc:2    | Bought a potion of curing for 42 gold pieces
 11993 | Orc:2    | Bought a potion of curing for 42 gold pieces
 12160 | Orc:2    | Noticed an orc high priest
 12175 | Orc:2    | Killed an orc high priest
 12175 | Orc:2    | Reached skill level 9 in Shields
 12515 | Orc:2    | Noticed an orc high priest
 12520 | Orc:2    | Paralysed by an orc sorcerer for 7 turns
 12525 | Orc:2    | Killed an orc high priest
 12551 | Orc:2    | Noticed an orc high priest
 12556 | Orc:2    | Killed an orc high priest
 12568 | Orc:2    | Found Geylouq's Book Boutique.
 12568 | Orc:2    | Found a one-way gate leading to the halls of Pandemonium.
 12568 | Orc:2    | Found Loam's Antique Weapon Shop.
 12821 | D:11     | Noticed a two-headed ogre
 12823 | D:11     | Killed a two-headed ogre
 12823 | D:11     | Received a gift from Okawaru
 12833 | D:11     | Reached XP level 13. HP: 99/99 MP: 12/12
 12851 | D:11     | Got a dazzling helmet {god gift}
 12857 | D:11     | Identified the +1 helmet of Fashionability {rN++} (Okawaru
                  | gifted it to you on level 11 of the Dungeon)
 12950 | D:11     | Reached skill level 10 in Shields
 13204 | D:11     | Found a staircase to the Lair.
 13641 | Lair:1   | Entered Level 1 of the Lair of Beasts
 13705 | Lair:1   | Noticed Erica
 13818 | Lair:1   | Killed Erica
 14910 | Lair:2   | Found a staircase to the Shoals.
 14939 | Lair:2   | Identified a scroll of acquirement
 15268 | Lair:3   | Received a gift from Okawaru
 15789 | Lair:4   | Reached skill level 11 in Shields
 15926 | Lair:4   | Found a staircase to the Snake Pit.
 16012 | Lair:4   | Noticed Snorg
 16020 | Lair:4   | Killed Snorg
 16020 | Lair:4   | Received a gift from Okawaru
 16250 | Lair:4   | Reached XP level 14. HP: 108/108 MP: 13/13
 16561 | Lair:5   | Found a labyrinth entrance.
 16562 | Lair:5   | Upgraded the game from 0.23-a0-389-g4a5eb33 to
                  | 0.23-a0-391-g8c51ad5
 16577 | Lab      | Entered a labyrinth
 19093 | Lab      | Identified the Volume of Bewitching Good Luck
 19094 | Lab      | Got a faintly glowing steel ring
 19112 | Lair:5   | Identified the ring of Viposs {rF+ SInv} (You found it in a
                  | labyrinth)
 19126 | Lair:5   | Noticed Nessos
 19132 | Lair:5   | Killed Nessos
 19333 | Lair:5   | Noticed an entropy weaver
 19337 | Lair:5   | Noticed an entropy weaver
 19345 | Lair:5   | Killed an entropy weaver
 19355 | Lair:5   | Killed an entropy weaver
 19612 | Lair:5   | Reached skill level 10 in Fighting
 20375 | Lair:6   | Entered Level 6 of the Lair of Beasts
 20752 | Lair:6   | Found a staircase to the Slime Pits.
 21072 | Lair:6   | Received a gift from Okawaru
 21072 | Lair:6   | Reached skill level 10 in Armour
 21313 | Lair:6   | Got an ancient marble ring
 21322 | Lair:6   | Identified the cursed ring of Greater Demons {Str+8 Int-5}
                  | (You found it on level 6 of the Lair of Beasts)
 21973 | D:12     | Reached skill level 5 in Stealth
 22091 | D:12     | Reached skill level 12 in Shields
 22404 | D:11     | Received a gift from Okawaru
 22409 | D:11     | Got a brightly glowing short sword {god gift}
 22410 | D:11     | Identified the +8 short sword "Tyxofij" {pierce, Str+2
                  | Stlth+} (Okawaru gifted it to you on level 11 of the
                  | Dungeon)
 22661 | D:12     | Found Cikkamp's Island Escapes.
 22806 | D:12     | Bought a scroll of teleportation for 51 gold pieces
 22806 | D:12     | Bought a scroll of teleportation for 51 gold pieces
 22806 | D:12     | Bought a scroll of blinking for 127 gold pieces
 22806 | D:12     | Bought 2 scrolls of teleportation for 102 gold pieces
 22806 | D:12     | Bought a scroll of teleportation for 51 gold pieces
 22844 | D:13     | Gained mutation: You are surrounded by a mild repulsion
                  | field. (EV +2) [demonic ancestry]
 22844 | D:13     | Reached XP level 15. HP: 117/117 MP: 15/15
 22950 | D:13     | Noticed Maurice
 22962 | D:13     | Killed Maurice
 23573 | D:13     | Found Poyhehos's General Store.
 23579 | D:13     | Bought a scroll of identify for 30 gold pieces
 23579 | D:13     | Bought a potion of curing for 45 gold pieces
 23579 | D:13     | Bought a potion of heal wounds for 75 gold pieces
 24339 | D:14     | Found a runed door.
 24343 | D:14     | Found a runed door.
 24381 | D:14     | Received a gift from Okawaru
 24422 | D:14     | Found a flagged portal.
 24436 | Bailey   | Entered a bailey
 24789 | D:14     | Reached skill level 5 in Dodging
 24789 | D:14     | Reached skill level 13 in Shields
 24789 | D:14     | Reached XP level 16. HP: 125/125 MP: 16/16
 24866 | D:14     | Received a gift from Okawaru
 25016 | D:14     | Noticed a lich
 25017 | D:14     | Noticed a storm dragon
 25017 | D:14     | Noticed Tenar's ghost (journeyman BaFi)
 25795 | D:14     | Found a gate to the Vaults.
 26444 | Orc:1    | Got a jewelled hand axe
 26448 | Orc:1    | Identified the cursed +1 hand axe of Law {chop, rN+ Str+2}
                  | (You took it off an orc wizard on level 1 of the Orcish
                  | Mines)
 26454 | Orc:1    | Gained mutation: Your muscles are strong. (Str +2)
                  | [mutagenic glow]
 26856 | D:14     | Killed Tenar's ghost
 26871 | D:14     | Got a slimy crystal amulet
 26944 | D:14     | Killed a lich
 26958 | D:14     | Killed a storm dragon
 27244 | D:14     | Got a brightly glowing scale mail
 27255 | D:14     | Identified the cursed +0 scale mail of Valour {*Contam rC+
                  | Int+4} (You found it on level 14 of the Dungeon)
 27275 | D:14     | Gained mutation: Your body sometimes deteriorates upon
                  | taking damage. [mutagenic glow]
 27302 | D:15     | Entered Level 15 of the Dungeon
 27350 | D:15     | Reached skill level 14 in Shields
 27469 | D:15     | Identified the amulet of Koigiczu {Fragile Regen+ Str+8
                  | Stlth+} (You took it off a necromancer on level 14 of the
                  | Dungeon)
 27528 | D:15     | Received a gift from Okawaru
 27531 | D:15     | Got a polished short sword {god gift}
 27532 | D:15     | Identified the +2 short sword of Grandeur {pain, +Fly rPois
                  | Dex-3} (Okawaru gifted it to you on level 15 of the
                  | Dungeon)
 27544 | D:15     | Gained mutation: Your magical capacity is very low. (-20%
                  | MP) [mutagenic glow]
 27555 | D:15     | Found a staircase to the Depths.
 27706 | D:15     | Gained mutation: You are surrounded by a moderate repulsion
                  | field. (EV +3) [demonic ancestry]
 27706 | D:15     | Reached XP level 17. HP: 121/133 MP: 16/16
 27795 | D:15     | Found a viscous altar of Jiyva.
 28280 | Elf:1    | Entered Level 1 of the Elven Halls
 28797 | Elf:1    | Identified the Disquisition on Attacks and Calling
 28852 | Elf:1    | Found a gateway to a bazaar.
 28881 | Elf:1    | Received a gift from Okawaru
 28988 | Elf:1    | Identified the Volume of Darkness
 29055 | Elf:1    | Found an ancient bone altar of Kikubaaqudgha.
 29255 | Elf:2    | Found a ruined gateway.
 29291 | Elf:2    | Cast into level 2 of the Abyss (a deep elf sorcerer)
 29446 | Abyss:2  | Reached skill level 15 in Shields
 29452 | Abyss:2  | Found a corrupted altar of Lugonu.
 29529 | Elf:2    | Escaped the Abyss
 29546 | Elf:2    | Received a gift from Okawaru
 29557 | Desolati | Entered the Desolation of Salt
 29640 | Desolati | Reached skill level 15 in Short Blades
 29987 | Desolati | Identified the Grimoire of Stones and Combat Magic
 30061 | Desolati | Reached skill level 5 in Invocations
 30243 | Desolati | Got a slimy tin amulet
 30244 | Desolati | Identified the Grimoire of Stones and Air
 30256 | Desolati | Got a scorched ruby amulet
 30260 | Desolati | Identified the amulet of the Marlin {Acrobat rC+ Slay+3}
                  | (You found it in the Desolation of Salt)
 30261 | Desolati | Identified the amulet "Yffom" {Reflect rElec rPois rC-
                  | Dex+3 SH+5} (You found it in the Desolation of Salt)
 30262 | Desolati | Identified the ring of Hupnausa {Ice rN++ MR++ Str-4} (You
                  | found it in the Desolation of Salt)
 30369 | Desolati | Received a gift from Okawaru
 30379 | Desolati | Reached skill level 16 in Shields
 30382 | Desolati | Got a shimmering crystal plate armour {god gift}
 30394 | Desolati | Identified the +12 crystal plate armour of Submission
                  | {Dex+2} (Okawaru gifted it to you in the Desolation of
                  | Salt)
 30402 | Desolati | Gained mutation: You resist negative energy. (rN+) [demonic
                  | ancestry]
 30402 | Desolati | Reached XP level 18. HP: 125/143 MP: 17/17
 30697 | Elf:2    | Got a brightly glowing cloak {god gift}
 30708 | Elf:2    | Identified the +2 cloak "Seaq" {rCorr Int+3} (Okawaru
                  | gifted it to you on level 2 of the Elven Halls)
 31017 | Elf:2    | Found a huge runed gate.
 31020 | Elf:2    | Found a huge runed gate.
 31020 | Elf:2    | Found a huge runed gate.
 31022 | Elf:2    | Found a huge runed gate.
 31022 | Elf:2    | Found a huge runed gate.
 31662 | Elf:3    | Entered Level 3 of the Elven Halls
 31924 | Elf:3    | Found Bom Hyhif's Antique Weapon Emporium.
 32102 | Elf:3    | Received a gift from Okawaru
 32117 | Elf:3    | Got an encrusted hand axe {god gift}
 32436 | Elf:3    | Reached skill level 17 in Shields
 32513 | Elf:3    | Received a gift from Okawaru
 32704 | Elf:3    | Cast into level 3 of the Abyss (a deep elf demonologist)
 32704 | Abyss:3  | Found a corrupted altar of Lugonu.
 32736 | Abyss:3  | Gained mutation: You are surrounded by a strong repulsion
                  | field. (EV +4, RMsl) [demonic ancestry]
 32736 | Abyss:3  | Reached XP level 19. HP: 137/152 MP: 15/18
 32781 | Abyss:3  | Got an abyssal rune of Zot
 32791 | Abyss:3  | Received a gift from Okawaru
 32792 | Abyss:3  | Gained mutation: You occasionally shout uncontrollably at
                  | your foes. [a neqoxec]
 32916 | Elf:3    | Escaped the Abyss
 32927 | Elf:3    | Identified the ring of Divine Intervention {*Tele rC+
                  | Slay+6}
 33128 | Elf:3    | Identified the +5 plate armour "Orikag" {rPois}
 33140 | Elf:3    | Identified the Grimoire of Beguiling
 33215 | Elf:3    | Identified the +4 hand axe "Hirum" {chop, +Blink Int+3}
                  | (Okawaru gifted it to you on level 3 of the Elven Halls)
 33219 | Elf:3    | Got a pitted scale mail
 33226 | Elf:3    | Got a tattered robe
 33247 | Elf:3    | Gained mutation: Scrolls take you a little longer to read.
                  | [mutagenic glow]
 33290 | Elf:3    | Identified the +3 scale mail "Yxafygho" {rElec Str+4 Dex+4}
                  | (You found it on level 3 of the Elven Halls)
 33300 | Elf:3    | Identified the +1 robe of the Hidden Blessings {rC+} (You
                  | found it on level 3 of the Elven Halls)
 33928 | Depths:1 | Entered Level 1 of the Depths
 33928 | Depths:1 | Found a gateway to Hell.
 34054 | Depths:1 | Paralysed by a great orb of eyes for 5 turns
 34083 | Depths:1 | Found a magical portal.
 34095 | Depths:1 | Found a gateway to a ziggurat.
 34112 | Depths:1 | Reached skill level 18 in Shields
 34137 | Depths:1 | Received a gift from Okawaru
 34149 | Depths:1 | Got an ichor-stained helmet {god gift}
 34181 | WizLab   | Entered The Roulette of Golubria
 34181 | WizLab   | Found a transporter.
 34288 | WizLab   | Identified the -3 helmet of the Everdark {rN+} (Okawaru
                  | gifted it to you on level 1 of the Depths)
 34301 | WizLab   | Found a corrupted altar of Lugonu.
 34327 | WizLab   | Found a transporter.
 34380 | WizLab   | Found a transporter.
 34380 | WizLab   | Found a transporter.
 34434 | WizLab   | Found a corrupted altar of Lugonu.
 34486 | WizLab   | Found a transporter.
 34510 | WizLab   | Found a corrupted altar of Lugonu.
 34555 | WizLab   | Found a transporter.
 34706 | WizLab   | Found a transporter.
 34768 | WizLab   | Found a transporter.
 34768 | WizLab   | Found a transporter.
 34817 | WizLab   | Found a transporter.
 34838 | WizLab   | Got a pitted cloak
 34844 | WizLab   | Got a spiked cloak
 34885 | WizLab   | Found a transporter.
 34885 | WizLab   | Found a transporter.
 34926 | WizLab   | Found a transporter.
 34926 | WizLab   | Found a transporter.
 34968 | WizLab   | Found a transporter.
 34968 | WizLab   | Found a transporter.
 35012 | WizLab   | Found a transporter.
 35037 | WizLab   | Found a transporter.
 35079 | WizLab   | Found a transporter.
 35079 | WizLab   | Found a transporter.
 35192 | Depths:1 | Identified the +1 cloak "Doagudi" {Str+3 Dex+5} (You found
                  | it in a wizard's laboratory)
 35202 | Depths:1 | Identified the cursed -3 cloak "Oceor Qutaga" {rCorr MP-9
                  | Slay+4 Stlth-} (You found it in a wizard's laboratory)
 35536 | Depths:1 | Found a runed door.
 36124 | Depths:1 | Got a crude ivory ring
 36132 | Depths:1 | Identified the Tome of the Disturbing Eyes
 36209 | Depths:1 | Identified the ring "Xoss" {rPois Dex+2} (You found it on
                  | level 1 of the Depths)
 36232 | Depths:1 | Got a spiked ring mail
 36243 | Depths:1 | Identified the cursed +1 ring mail of Lugonu's Benevolence
                  | {*Drain Regen+ Int+3} (You found it on level 1 of the
                  | Depths)
 36644 | Bazaar   | Entered a bazaar
 36644 | Bazaar   | Found Unulumu's General Store.
 36644 | Bazaar   | Found Ytysyuc's Assorted Antiques.
 36644 | Bazaar   | Found Torhuni's Armour Boutique.
 36644 | Bazaar   | Found Nuehuulit's Food Shop.
 36644 | Bazaar   | Found Guurghaj's Assorted Antiques.
 36658 | Bazaar   | Bought a scroll of identify for 18 gold pieces
 36662 | Bazaar   | Bought a scroll of identify for 70 gold pieces
 36662 | Bazaar   | Bought a scroll of enchant armour for 262 gold pieces
 36664 | Bazaar   | Bought a scroll of enchant armour for 142 gold pieces
 36673 | Elf:1    | Lost mutation: Your magical capacity is very low. (-20% MP)
                  | [potion of mutation]
 36673 | Elf:1    | Lost mutation: You occasionally shout uncontrollably at
                  | your foes. [potion of mutation]
 36673 | Elf:1    | Lost mutation: Your muscles are strong. (Str +2) [potion of
                  | mutation]
 36673 | Elf:1    | Lost mutation: Your magical capacity is low. (-10% MP)
                  | [potion of mutation]
 36673 | Elf:1    | Gained mutation: You have a pair of small horns on your
                  | head. [potion of mutation]
 36673 | Elf:1    | Gained mutation: Your skin changes colour to match your
                  | surroundings (Stealth+). [potion of mutation]
 36674 | Elf:1    | Lost mutation: Scrolls take you a little longer to read.
                  | [potion of mutation]
 36674 | Elf:1    | Lost mutation: You have a pair of small horns on your head.
                  | [potion of mutation]
 36674 | Elf:1    | Lost mutation: Your body sometimes deteriorates upon taking
                  | damage. [potion of mutation]
 36674 | Elf:1    | Lost mutation: Your skin changes colour to match your
                  | surroundings (Stealth+). [potion of mutation]
 36674 | Elf:1    | Gained mutation: You are agile. (Dex +2) [potion of
                  | mutation]
 36674 | Elf:1    | Gained mutation: You have sharp fingernails. [potion of
                  | mutation]
 36870 | Depths:2 | Gained mutation: You are somewhat able to resist unholy
                  | torments (1 in 2 success). [demonic ancestry]
 36870 | Depths:2 | Reached XP level 20. HP: 161/161 MP: 24/24
 36873 | Depths:2 | Received a gift from Okawaru
 36915 | Depths:2 | Got an encrusted plate armour {god gift}
 37097 | Depths:2 | Identified the +8 plate armour "Hueh" {-Tele Int+6}
                  | (Okawaru gifted it to you on level 2 of the Depths)
 37239 | Depths:2 | Was placed under penance by Okawaru
 37242 | Depths:2 | Reached skill level 15 in Fighting
 37246 | Depths:2 | Got a sapphire great sword
 37247 | Depths:2 | Identified the +5 great sword "Dylyicvo" {holy, +Inv Dex+4}
                  | (You found it on level 2 of the Depths)
 37277 | Depths:2 | Noticed a caustic shrike
 37288 | Depths:2 | Killed a caustic shrike
 37288 | Depths:2 | Was forgiven by Okawaru
 37294 | Depths:2 | Got a twisted chain mail
 37308 | Depths:2 | Identified the +3 chain mail of Theory {SInv} (You found it
                  | on level 2 of the Depths)
 37388 | Depths:2 | Reached skill level 19 in Shields
 37404 | Depths:2 | HP: 6/162 [frost giant/bolt of cold (21)]
 37794 | Depths:2 | Noticed a golden dragon
 37795 | Depths:2 | a golden dragon changed into an iron giant
 37821 | Depths:2 | Received a gift from Okawaru
 37836 | Depths:2 | Noticed a caustic shrike
 37971 | Depths:2 | Killed a caustic shrike
 38703 | Depths:3 | Gained mutation: You are frail. (-10% HP) [mutagenic glow]
 38749 | Depths:3 | Noticed Boris
 38770 | Depths:3 | Killed Boris
 38770 | Depths:3 | Received a gift from Okawaru
 39130 | Depths:3 | Noticed Saint Roka
 39154 | Depths:3 | Killed Saint Roka
 39165 | Depths:3 | Noticed an ancient lich
 39178 | Depths:3 | Cast into level 5 of the Abyss (an ancient lich)
 39178 | Abyss:5  | Entered Level 5 of the Abyss
 39200 | Abyss:5  | Reached XP level 21. HP: 135/152 MP: 25/25
 39386 | Depths:3 | Escaped the Abyss
 39401 | Depths:3 | Killed an ancient lich
 39523 | Depths:3 | Paralysed by a floating eye for 2 turns
 39555 | Depths:3 | Got a heavily runed leather armour
 39566 | Depths:3 | Identified the +1 leather armour "Rejifil" {MR+} (You found
                  | it on level 3 of the Depths)
 39666 | Depths:3 | Noticed an ancient lich
 39679 | Depths:3 | Killed an ancient lich
 39679 | Depths:3 | Received a gift from Okawaru
 39921 | Depths:3 | Gained mutation: You occasionally shout uncontrollably at
                  | your foes. [a neqoxec]
 39947 | Depths:3 | Found a gateway to a bazaar.
 40389 | Depths:4 | Reached skill level 10 in Dodging
 40472 | Depths:4 | Noticed Sojobo
 40492 | Depths:4 | Killed Sojobo
 40680 | Depths:4 | Received a gift from Okawaru
 40764 | Depths:4 | Found a one-way gate to the infinite horrors of the Abyss.
 40843 | Depths:4 | Noticed a golden dragon
 40847 | Depths:4 | Noticed a caustic shrike
 40868 | Depths:4 | Killed a caustic shrike
 40878 | Depths:4 | Killed a golden dragon
 41144 | Depths:4 | Found Regak's Jewellery Shoppe.
 41144 | Depths:4 | Found Utukiph's Gadget Boutique.
 41145 | Depths:4 | Found Misewer's Jewellery Shoppe.
 41630 | Depths:5 | Entered Level 5 of the Depths
 41654 | Depths:5 | Found Uxymadi's Gadget Emporium.
 41743 | Depths:5 | Identified the +4 faerie dragon scales {rF+ rCorr}
 41743 | Depths:5 | Noticed the Enchantress
 41743 | Depths:5 | Identified the ring "Dyoq" {+Inv rF+ MR+ Dex-2}
 41769 | Depths:5 | Killed the Enchantress
 41769 | Depths:5 | Received a gift from Okawaru
 41798 | Depths:5 | Paralysed by a spriggan for 5 turns
 41980 | Depths:5 | Reached XP level 22. HP: 159/159 MP: 26/26
 41999 | Depths:5 | Noticed a juggernaut
 42008 | Depths:5 | Reached skill level 15 in Dodging
 42014 | Depths:5 | Killed a juggernaut
 42052 | Depths:5 | Paralysed by a floating eye for 2 turns
 42053 | Depths:5 | Cast into level 2 of the Abyss (spriggan defender)
 42228 | Depths:5 | Escaped the Abyss
 42231 | Depths:5 | Paralysed by a floating eye for 3 turns
 42243 | Depths:5 | Paralysed by a floating eye for 3 turns
 42244 | Depths:5 | Mangled by a spriggan defender

Vault maps used:
D:1:      dpeg_arrival_erosion
D:2:      kennysheep_okawaru_gauntlet
D:4:      serial_shops, kennysheep_little_box, shop, minmay_lizard_king
D:5:      first_ration
D:6:      cheibrodos_steamvent, temple_doors_e, xom_redecorated
D:7:      serial_shops, kennysheep_mini, grunt_qazlal_clouds, uniq_pikel
D:9:      lemuel_crystal_altar, uniq_prince_ribbit1
D:10:     minmay_orc_entry_guard_dogs
D:11:     minmay_lair_entry_grove
D:12:     nicolae_island_escapes
D:13:     serial_shops, shop, uniq_maurice
D:14:     david_vaults_5, enter_bailey_3, muffindrake_ghost_dual_entry,
          grunt_tengu_nest, roderic_serpentine_path,
          hangedman_abyss_or_decor_stagger, minmay_curled_crystal,
          chequers_avenue
D:15:     hangedman_depths_entry_civil_slaughter, minmay_misc_feat_ornament,
          fungi_pond_lemuel, minmay_stone_trees_medium, jiyva_altar_1
Lair:1:   chequers_serial_rivers_room_b, uniq_erica
Lair:2:   elwin_shoals_entry_rocks
Lair:3:   grunt_megastairs_4
Lair:4:   guppyfry_snake_entry_island, st_stairs_12, uniq_snorg
Lair:5:   lab_entry_generic, zaba_anthell, grunt_megastairs_1,
          minmay_lair_oklob_chamber, uniq_nessos
Lair:6:   guppyfry_lair_end_dragon, nicolae_slime_entry_slimehenge, st_stairs_5,
          kilobyte_rumbling_trees
Orc:1:    gammafunk_beogh_shrine, nicolae_volcano_entry_vermiform,
          roderic_batcave
Orc:2:    pf_orc_diabolical, serial_shops, shop
Elf:1:    serial_shops, bzr_in_the_mist, basic_altar, minmay_elf_necromancy,
          minmay_elf_sorcery
Elf:2:    portal_desolation_entry_garden, solitary_fountain
Elf:3:    minmay_elf_hall_not_hex, serial_shops, shop
Depths:1: lemuel_flame_loot_2, enter_ziggurat_b, hell_entry, mu_enter_wizlab_2,
          rand_demon_pan_entry_1, serial_bayou_pond_e,
          minmay_misc_feat_secret_circle, grunt_decor_clamped,
          roderic_roman_lattice, minmay_crystal_box
Depths:2: minmay_the_grid_octo_tiled_octocenter, rand_demon_pan_entry_9,
          kennysheep_cross_room, serial_rivers, chequers_serial_rivers_marsh,
          chequers_serial_rivers_large_a, chequers_serial_rivers_room_b,
          chequers_serial_rivers_micro_d, chequers_serial_rivers_small_b,
          hangedman_geh_valley
Depths:3: minmay_tri_stars, serial_shops, statue_bzr, hell_entry,
          rand_demon_pan_entry_7, serial_bayou_shore_b,
          infiniplex_staircase_door_maze, uniq_saint_roka, uniq_boris
Depths:4: minmay_outward_triangles, minmay_fountain_box,
          grunt_hell_entry_dis_grunt, abyss_entry, infiniplex_staircase_pool_2,
          minmay_shop_grove, serial_bayou_shore_a, uniq_sojobo
Depths:5: hangedman_spin_cycle, serial_shops, hell_entry, uniq_enchantress,
          uniq_frederick
Abyss:2:  due_exit_kobolds, lemuel_flamethrower_3, abyss_exit_lava
Abyss:3:  patterned_corridor, dshaligram_kb_abyss_rune_zappy_water_cross
Abyss:5:  evilmike_abyss_exit_kraken
Bazaar:   bazaar_minmay_trees
Bailey:   bailey_polearm_5, bailey
Volcano:  volcano_pools
WizLab:   wizlab_golubria

Skill      XL: |  1  2  3  4  5  6  7  8  9 10 11 12 13 14 15 16 17 18 19 20 21 22 |
---------------+-------------------------------------------------------------------+-----
Shields        | 3 4 5 6 7 8 9 11 12 13 14 16 17 18 19 | 19.9
Axes           | 2 3 4 5 |  5.3
Armour         | 3 4 5 6 7 8 9 10 11 12 13 | 13.6
Fighting       | 4 5 6 7 8 9 10 11 12 13 14 15 | 15.7
Short Blades   | 1 4 6 9 11 12 13 14 15 16 17 | 17.1
Dodging        | 1 2 3 4 5 14 15 | 15.3
Stealth        | 1 2 3 4 5 6 7 |  7.4
Invocations    | 1 2 4 5 6 |  6.5
Evocations     | |  0.1

Action                   |  1- 3 |  4- 6 |  7- 9 | 10-12 | 13-15 | 16-18 | 19-21 | 22-24 || total
-------------------------+-------+-------+-------+-------+-------+-------+-------+-------++-------
Melee: War axe           |   135 |   167 |       |       |       |       |       |       ||   302
       Kick              |       |    17 |    57 |   310 |   569 |   744 |  1067 |    44 ||  2808
       Rapier            |       |     9 |   120 |   667 |  1044 |  1219 |  1611 |    62 ||  4732
Invok: Heroism           |       |       |     2 |     1 |     6 |    16 |    13 |     1 ||    39
       Finesse           |       |       |       |       |     1 |     4 |     5 |       ||    10
Evoke: Wand              |       |       |       |     1 |     1 |       |     1 |       ||     3
  Use: Potion            |     3 |       |       |       |     3 |     1 |     2 |       ||     9
       Scroll            |       |       |    10 |     5 |    19 |     8 |    20 |       ||    62
 Stab: Distracted        |       |       |     1 |     4 |    11 |     8 |    24 |     1 ||    49
       Confused          |       |       |       |     1 |     1 |       |       |       ||     2
  Eat: Chunk             |     3 |     7 |     8 |    21 |    27 |    20 |    24 |       ||   110
       Ration            |       |       |       |       |     4 |     2 |     2 |       ||     8
Armor: Scale mail        |    90 |    20 |    36 |    89 |       |       |       |       ||   235
       Chain mail        |       |    84 |       |     1 |       |       |       |       ||    85
       Plate armour      |       |       |       |    73 |   350 |   108 |       |       ||   531
       Crystal plate arm |       |       |       |       |       |    55 |   325 |       ||   380
       Gold dragon scale |       |       |       |       |       |       |    29 |    26 ||    55
Dodge: Dodged            |    40 |    38 |    25 |   176 |   213 |   178 |   333 |    33 ||  1036
       Deflected         |       |       |       |       |       |       |    23 |     3 ||    26
Block: Shield            |    59 |   104 |    52 |   312 |   277 |       |     1 |       ||   805
       Large shield      |       |       |       |       |   470 |   816 |  1268 |    60 ||  2614

Table legend:
 A = Non-vault XP
 B = Vault XP
 C = Vault XP percentage of total XP
 D = Non-vault monster count
 E = Vault monster count
 F = Vault count percentage of total count
                 A         B        C        D         E       F
            +---------+---------+-------+---------+---------+-------
      Total |  313897 |  356934 |  53.2 |     991 |     653 |  39.7
            +---------+---------+-------+---------+---------+-------
        D:1 |      23 |       0 |   0.0 |      14 |       0 |   0.0
        D:2 |      69 |       0 |   0.0 |      24 |       0 |   0.0
        D:3 |      45 |       0 |   0.0 |      13 |       0 |   0.0
        D:4 |     328 |      63 |  16.1 |      21 |      11 |  34.4
        D:5 |    1157 |       0 |   0.0 |      13 |       0 |   0.0
        D:6 |     318 |     224 |  41.3 |      17 |       2 |  10.5
        D:7 |    1169 |     315 |  21.2 |      30 |       1 |   3.2
        D:8 |    4473 |       0 |   0.0 |      45 |       0 |   0.0
        D:9 |    2223 |     286 |  11.4 |      39 |       1 |   2.5
       D:10 |    2069 |    1123 |  35.2 |      26 |      29 |  52.7
       D:11 |    5499 |    2014 |  26.8 |      45 |      13 |  22.4
       D:12 |    7644 |       0 |   0.0 |      41 |       0 |   0.0
       D:13 |    6944 |     543 |   7.3 |      35 |       1 |   2.8
       D:14 |   15003 |   12538 |  45.5 |      41 |      21 |  33.9
       D:15 |   10802 |    6845 |  38.8 |      42 |      12 |  22.2
     Lair:1 |    1106 |     923 |  45.5 |       5 |       1 |  16.7
     Lair:2 |    8245 |       0 |   0.0 |      37 |       0 |   0.0
     Lair:3 |    5077 |     478 |   8.6 |      25 |       2 |   7.4
     Lair:4 |    5539 |    1385 |  20.0 |      28 |       3 |   9.7
     Lair:5 |    1314 |   10697 |  89.1 |       7 |      55 |  88.7
     Lair:6 |    7411 |    7142 |  49.1 |      27 |      30 |  52.6
      Orc:1 |    3671 |    6140 |  62.6 |      45 |      25 |  35.7
      Orc:2 |    4126 |   12393 |  75.0 |      44 |      63 |  58.9
      Elf:1 |    7053 |    8913 |  55.8 |      13 |      17 |  56.7
      Elf:2 |   17737 |   20333 |  53.4 |      31 |      27 |  46.6
      Elf:3 |   29279 |   37533 |  56.2 |      48 |      26 |  35.1
   Depths:1 |   43709 |    6375 |  12.7 |      53 |      10 |  15.9
   Depths:2 |   27422 |   50012 |  64.6 |      42 |      40 |  48.8
   Depths:3 |   23670 |   39077 |  62.3 |      35 |      39 |  52.7
   Depths:4 |   39381 |   19079 |  32.6 |      50 |       7 |  12.3
   Depths:5 |     384 |   39258 |  99.0 |       3 |      33 |  91.7
    Abyss:2 |   14389 |       0 |   0.0 |      24 |       0 |   0.0
    Abyss:3 |    5453 |    5074 |  48.2 |       9 |      15 |  62.5
    Abyss:5 |    9926 |       0 |   0.0 |      18 |       0 |   0.0
        Lab |    1239 |       0 |   0.0 |       1 |       0 |   0.0
     Bailey |       0 |    3218 | 100.0 |       0 |      40 | 100.0
    Volcano |       0 |    2364 | 100.0 |       0 |      11 | 100.0
     WizLab |       0 |   21456 | 100.0 |       0 |      39 | 100.0
 Desolation |       0 |   41133 | 100.0 |       0 |      79 | 100.0
            +---------+---------+-------+---------+---------+-------
